 Dungeon Crawl Stone Soup version 0.28.0-43-g3370ac3207 (webtiles) character file.

Game seed: 9128836424363632737

65783 tizbic2 the Warrior (level 15, -22/178 HPs)
             Began as an Ogre Berserker on Mar 17, 2022.
             Was the Champion of Trog.
             Annihilated by a two-headed ogre
             ... wielding a +0 giant club
              (24 damage)
             ... on level 1 of the Orcish Mines.
             The game lasted 01:18:40 (17787 turns).

tizbic2 the Warrior (Ogre Berserker)               Turns: 17787, Time: 01:18:42

Health: -22/178    AC: 13    Str: 39    XL:     15   Next: 17%
Magic:  15/15      EV:  9    Int: 10    God:    Trog [******]
Gold:   1956       SH:  0    Dex:  8    Spells: 14/14 levels left

rFire   . . .      SeeInvis .   o - +6 giant club (spect)
rCold   + . .      Faith    +   (shield currently unavailable)
rNeg    . . .      Spirit   .   t - +0 acid dragon scales
rPois   +          Reflect  .   (helmet restricted)
rElec   .          Harm     .   I - +2 cloak
rCorr   +          Rampage  .   (gloves unavailable)
Will    +....                   (boots unavailable)
Stlth   +.........              j - amulet of faith
HPRegen 0.39/turn               l - ring of poison resistance
MPRegen 0.14/turn               N - ring "Agoqua" {rC+ Str+6 Slay+4}

@: on berserk cooldown, slowed, studying Staves, very slow
A: large, unfitting armour, tough skin 1, clever 1, strong 1
a: Renounce Religion, Berserk, Trog's Hand, Brothers in Arms


You were on level 1 of the Orcish Mines.
You worshipped Trog.
Trog was exalted by your worship.
You visited 3 branches of the dungeon, and saw 20 of its levels.
You also visited: Ice Cave.

You collected 2268 gold pieces.
You spent 312 gold pieces at shops.

Inventory:

Hand Weapons
 m - the +5 mace of Quick Death {holy, Dex+6 Stlth+}
   (You found it on level 4 of the Dungeon)

   It has been blessed by the Shining One to cause great damage to the undead
   and demons.
   Dex:       It affects your dexterity (+6).
   Stlth:     It makes you more stealthy.
 o - a +6 spectral giant club (weapon)
 F - a +6 vorpal giant spiked club
Missiles
 c - 43 poisoned darts
 d - 560 stones
 f - 12 boomerangs (quivered)
 D - a throwing net
 T - 5 javelins
 Z - 5 large rocks
Armour
 t - +0 acid dragon scales (worn)
 v - a +0 kite shield
 B - a +0 troll leather armour
 I - a +2 cloak (worn)
 R - +0 ice dragon scales
Jewellery
 a - a ring of resist corrosion
 j - an amulet of faith (around neck)
 l - a ring of poison resistance (left hand)
 s - a ring of positive energy
 K - a ring of willpower
 N - the ring "Agoqua" (right hand) {rC+ Str+6 Slay+4}
   (You acquired it on level 11 of the Dungeon)

   [ring of slaying]

   Str:       It affects your strength (+6).
   Slay:      It affects your accuracy & damage with ranged weapons and melee
   (+4).
   rC:        It protects you from cold.
 O - an amulet of reflection
 U - a +4 ring of evasion
Wands
 h - a wand of paralysis (15)
 q - a wand of mindburst (13)
 u - a wand of iceblast (17)
 A - a wand of acid (4)
 C - a wand of flame (24)
 G - a wand of polymorph (12)
 H - a wand of digging (5)
Scrolls
 i - 9 scrolls of teleportation
 n - 5 scrolls of immolation
 r - 2 scrolls of identify
 w - 3 scrolls of fear
 L - 2 scrolls of holy word
 W - a scroll of fog
 Y - a scroll of vulnerability
Potions
 b - a potion of resistance
 e - 5 potions of flight
 g - 4 potions of haste
 k - 11 potions of curing
 p - 2 potions of mutation
 x - 3 potions of might
 z - 2 potions of magic
 E - a potion of ambrosia
 M - a potion of cancellation
 Q - a potion of heal wounds
 V - a potion of attraction
Miscellaneous
 J - a phantom mirror
 X - a lightning rod (4/4)


   Skills:
 * Level 18.7 Fighting
 - Level 2.6(11.9) Axes
 - Level 16.4(16.5) Maces & Flails
 * Level 5.7 Throwing
 * Level 10.2 Armour
 - Level 2.6 Dodging


You had 14 spell levels left.
You didn't know any spells.
Your spell library was empty.

Dungeon Overview and Level Annotations

Branches:
Dungeon (12/15)            Temple (0/1) D:4            Lair (6/6) D:11
 Shoals (0/4) Lair:4        Snake (0/4) Lair:2        Slime (0/5) Lair:5
    Orc (2/2) D:12          IceCv (visited)
    Elf: Orc:2

Altars:
Cheibriados
Elyvilon
Makhleb
Uskayaw
The Shining One

Shops:
D:7 *:([   D:9 !   Orc:2 *[

Annotations:
D:9 6 transporters


Innate Abilities, Weirdness & Mutations

You are too large for most types of armour.
You have tough skin. (AC +1)
Your mind is acute. (Int +2)
Your muscles are strong. (Str +2)


Message History

* * * LOW HITPOINT WARNING * * *
The two-headed ogre hits you with a +0 giant club!
* * * LOW HITPOINT WARNING * * *
The two-headed ogre hits you but does no damage.
There is a stone staircase leading up, spattered with blood here.
Things that are here:
a +0 giant club; a +0 giant club; a +0 giant spiked club You are too berserk!
You feel a strong urge to attack something.
Your cyclops hits the orc warrior!!!
The orc warrior dies!
Trog accepts your kill.
The ogre mage casts a spell.
The ogre mage flickers and vanishes!
The orc warrior barely misses you.
The ogre mage casts a spell at the ogre.
The ogre seems to speed up.
You hear some strange, mumbled words.
The ogre seems to speed up.
The two-headed ogre hits you with a +0 giant club!
* * * LOW HITPOINT WARNING * * *
The two-headed ogre hits you with a +0 giant club!
* * * LOW HITPOINT WARNING * * *
The two-headed ogre hits you with a +0 giant club!
* * * LOW HITPOINT WARNING * * *
The two-headed ogre barely misses you.
You climb upwards.
Reactivating autopickup.
There is a stone staircase leading down, spattered with blood here.
You barely miss the two-headed ogre.
Your +6 spectral giant club hits the two-headed ogre.
The orc knight hits you with a +0 dire flail!!
* * * LOW HITPOINT WARNING * * *
Unknown command.
You beat the orc knight like a drum!!!
The orc knight is severely wounded.
You are no longer berserk.
You are exhausted.
You feel yourself slow down.
The two-headed ogre hits you with a +0 giant club!!
You die...

##.#.......###....##
##...........#.#.....
#.....#..............
##....#.......#....#..
#.....................
##....................
##...#.#.#.....)..##.
###.oo(.........).####
##...O@O......[.....##
#......)......[......##
##...........[#........
#...........#.........
##..#.#......#.#......
##....#........###.#..#
#..........<...#.######
#.>...............#
#.......#......#..##


You could see an orc knight, 2 two-headed ogres, an orc warrior (strong) and a
friendly +6 spectral giant club (summoned).

Vanquished Creatures
  Rupert (D:12)
  A frost giant (IceCv)
  The ghost of WaxSun the Ogre Mage, a journeyman OgFE of Hepliaklqana (Lair:1)
  A fire dragon (Lair:6)
  A boulder beetle (D:11)
  7 hydras
  Harold (D:10)
  A centaur warrior (D:12)
  6 two-headed ogres
  5 death yaks (IceCv)
  A fire crab (Lair:6)
  Pikel (D:5)
  A manticore (Lair:4)
  A deep elf zephyrmancer (D:7)
  13 elephants
  An ugly thing (IceCv)
  A cyclops (D:12)
  5 black mambas
  2 ice statues
  3 molten gargoyles (Lair:6)
  2 torpor snails
  15 cane toads
  11 rime drakes
  An unseen horror (D:10)
  2 tengu conjurers (D:10)
  11 komodo dragons
  2 ice devils (Lair:1)
  A wind drake (Lair:4)
  7 polar bears
  A troll (D:10)
  2 hornets
  6 slime creatures (D:12)
  23 blink frogs
  11 dream sheep
  Sigmund (D:5)
  2 vampires (D:11)
  2 shadows (D:11)
  6 wyverns
  2 wraiths
  42 yaks
  Eustachio (D:6)
  7 basilisks
  3 steam dragons
  7 vampire mosquitoes (D:12)
  3 nagas (Lair:2)
  2 acid dragons
  4 hell hounds (Lair:6)
  13 water moccasins
  2 black bears (D:7)
  7 orc warriors
  2 ogres
  14 wolves
  A centaur (D:4)
  A lemure (D:5)
  A kobold brigand (D:6)
  8 bullfrogs
  3 gnoll sergeants
  2 scorpions
  A wyvern zombie (D:7)
  4 killer bees (D:8)
  13 wights
  8 howler monkeys
  4 lava snakes (Lair:6)
  2 hounds
  2 jellies
  A centaur zombie (D:8)
  6 orc priests
  An iguana (D:5)
  7 orc wizards
  10 hell rats
  A killer bee zombie (D:7)
  A hound zombie (D:5)
  A howler monkey zombie (D:9)
  5 adders
  14 gnolls
  A howler monkey skeleton (D:7)
  2 shadow imps
  3 white imps
  An ufetubus (D:5)
  3 worms
  A dart slug (D:2)
  41 orcs
  3 bats
  5 endoplasms
  A giant cockroach (D:3)
  4 goblins
  7 hobgoblins
  3 jackals (D:3)
  7 ball pythons
  2 frilled lizards
  10 kobolds
  3 rats
463 creatures vanquished.

Vanquished Creatures (collateral kills)
  An orc warrior (Orc:2)
  An ogre (Orc:2)
2 creatures vanquished.

Vanquished Creatures (others)
  A centaur (D:11)
  An orc (D:11)
  24 fungi
  37 plants
63 creatures vanquished.

Grand Total: 528 creatures vanquished

Notes
Turn   | Place    | Note
-------+----------+-------------------------------------------
     0 | D:1      | tizbic2 the Ogre Berserker began the quest for the Orb.
     0 | D:1      | Reached XP level 1. HP: 24/24 MP: 1/1
   220 | D:1      | Reached XP level 2. HP: 31/32 MP: 2/2
   226 | D:1      | Reached skill level 1 in Axes
   753 | D:2      | Reached XP level 3. HP: 36/40 MP: 3/3
   870 | D:2      | HP: 3/60 [poisoned by an adder]
   874 | D:2      | HP: 1/60 [poisoned by an adder]
  1376 | D:2      | Reached ** piety under Trog
  1596 | D:3      | You fall into a shaft and drop 2 floors!
  1596 | D:5      | Entered Level 5 of the Dungeon
  1638 | D:5      | Reached XP level 4. HP: 49/49 MP: 4/4
  1820 | D:4      | Noticed a centaur
  2217 | D:3      | Found a glowing golden altar of the Shining One.
  2217 | D:3      | Found a faded altar of an unknown god.
  2225 | D:3      | Found a white marble altar of Elyvilon.
  2229 | D:3      | Found a hide-covered altar of Uskayaw.
  2231 | D:3      | Found a burning altar of Makhleb.
  2837 | D:4      | Found a staircase to the Ecumenical Temple.
  2986 | D:4      | Reached XP level 5. HP: 51/55 MP: 5/5
  3200 | D:4      | Reached skill level 5 in Fighting
  3413 | D:4      | Identified the +5 mace of Quick Death {holy, Dex+6 Stlth+}
  3461 | D:4      | Killed a centaur
  3462 | D:4      | Reached XP level 6. HP: 21/66 MP: 6/6
  3899 | D:5      | Reached skill level 5 in Maces & Flails
  3912 | D:5      | Noticed Pikel
  3941 | D:5      | Killed Pikel
  3942 | D:5      | Reached skill level 7 in Fighting
  3942 | D:5      | Reached XP level 7. HP: 35/78 MP: 7/7
  4039 | D:5      | Reached XP level 8. HP: 21/87 MP: 8/8
  4483 | D:5      | Noticed Sigmund
  4527 | D:5      | Killed Sigmund
  4528 | D:5      | Reached skill level 8 in Fighting
  4998 | D:5      | Identified a scroll of acquirement
  4998 | D:5      | Acquired a +6 spectral giant club
  5744 | D:6      | Noticed Eustachio
  5760 | D:6      | Killed Eustachio
  5761 | D:6      | Reached skill level 9 in Fighting
  5761 | D:6      | Reached XP level 9. HP: 68/98 MP: 9/9
  6256 | D:7      | Found Hokosh's Antique Armour Shop.
  6256 | D:7      | Found Wies Bom's Weapon Boutique.
  6489 | D:7      | Found Ziweosyrr's Book Shop.
  6565 | D:7      | Reached *** piety under Trog
  6858 | D:7      | Reached skill level 10 in Fighting
  6872 | D:7      | Found Yneurayc's General Store.
  6881 | D:7      | Bought a scroll of teleportation for 42 gold pieces
  6908 | D:7      | Noticed a deep elf zephyrmancer
  6911 | D:7      | Killed a deep elf zephyrmancer
  7128 | D:8      | Reached skill level 10 in Maces & Flails
  7563 | D:8      | Reached XP level 10. HP: 107/109 MP: 10/10
  7564 | D:8      | Reached skill level 11 in Fighting
  7744 | D:9      | Found a transporter.
  7748 | D:9      | Found a transporter.
  7861 | D:9      | Found Peamah's Distillery.
  7874 | D:9      | Bought a potion of curing for 45 gold pieces
  7874 | D:9      | Bought a potion of mutation for 120 gold pieces
  7874 | D:9      | Bought a potion of curing for 45 gold pieces
  7874 | D:9      | Bought a potion of might for 60 gold pieces
  7971 | D:9      | Found a transporter.
  7973 | D:9      | Found a transporter.
  8009 | D:9      | Found a transporter.
  8014 | D:9      | Found a transporter.
  8328 | D:9      | Found a snail-covered altar of Cheibriados.
  8816 | D:9      | Identified the +8 rapier "Bung" {vorpal, rC++ rCorr Str-4
                  | Int+3}
  8864 | D:10     | Entered Level 10 of the Dungeon
  8984 | D:10     | Reached skill level 1 in Armour
  8995 | D:10     | Reached **** piety under Trog
  9489 | D:10     | Reached skill level 12 in Fighting
  9580 | D:10     | Killed an unseen horror
  9602 | D:10     | Noticed Harold
  9608 | D:10     | Killed Harold
  9609 | D:10     | Reached XP level 11. HP: 117/124 MP: 11/11
  9647 | D:10     | Noticed a two-headed ogre
  9652 | D:10     | Killed a two-headed ogre
  9669 | D:10     | Found the +0 staff of Battle
 10089 | D:11     | Noticed a boulder beetle
 10097 | D:11     | Killed a boulder beetle
 10211 | D:11     | Reached skill level 13 in Fighting
 10395 | D:11     | Found a staircase to the Lair.
 10414 | D:11     | Noticed a two-headed ogre
 10420 | D:11     | Killed a two-headed ogre
 10806 | D:11     | Acquired the ring "Agoqua" {rC+ Str+6 Slay+4}
 10810 | D:11     | Acquired 830 gold pieces
 10947 | Lair:1   | Entered Level 1 of the Lair of Beasts
 10947 | Lair:1   | You fall into a shaft and drop 1 floor!
 11034 | Lair:2   | Noticed a five-headed hydra
 11044 | Lair:2   | Killed a five-headed hydra
 11086 | Lair:2   | Found a staircase to the Snake Pit.
 11094 | Lair:2   | Reached skill level 5 in Armour
 11094 | Lair:2   | Reached XP level 12. HP: 121/137 MP: 12/12
 11203 | Lair:1   | Found the ring of Shadows {Umbra +Inv Stlth+}
 11280 | Lair:1   | Found a frozen archway.
 11284 | Lair:1   | Reached skill level 14 in Fighting
 11293 | IceCv    | Entered an ice cave
 11320 | IceCv    | Reached ***** piety under Trog
 11446 | IceCv    | Noticed a death yak
 11449 | IceCv    | Noticed a death yak
 11454 | IceCv    | Killed a death yak
 11469 | IceCv    | Killed a death yak
 11559 | IceCv    | Noticed a death yak
 11560 | IceCv    | Noticed a frost giant
 11589 | IceCv    | Killed a frost giant
 11759 | IceCv    | Noticed a death yak
 11767 | IceCv    | Killed a death yak
 11767 | IceCv    | Noticed a death yak
 11769 | IceCv    | Reached skill level 15 in Fighting
 11774 | IceCv    | Killed a death yak
 11783 | IceCv    | Noticed a death yak
 11789 | IceCv    | Killed a death yak
 11790 | IceCv    | Reached XP level 13. HP: 124/150 MP: 13/13
 11795 | IceCv    | Reached skill level 15 in Maces & Flails
 12338 | Lair:1   | Found a runed translucent door.
 12344 | Lair:1   | Noticed WaxSun's ghost (journeyman OgFE)
 12350 | Lair:1   | Killed WaxSun's ghost
 12927 | Lair:3   | Gained mutation: You are weak. (Str -2) [potion of
                  | mutation]
 12927 | Lair:3   | Gained mutation: Your mind is acute. (Int +2) [potion of
                  | mutation]
 12927 | Lair:3   | Lost mutation: You are weak. (Str -2) [potion of mutation]
 12927 | Lair:3   | Gained mutation: Your muscles are strong. (Str +2) [potion
                  | of mutation]
 12943 | Lair:3   | Received a gift from Trog
 13349 | Lair:3   | Reached skill level 16 in Fighting
 13737 | Lair:4   | Found a snail-covered altar of Cheibriados.
 13831 | Lair:4   | Reached skill level 1 in Throwing
 14023 | Lair:4   | Found a staircase to the Shoals.
 14124 | Lair:4   | Reached XP level 14. HP: 150/163 MP: 14/14
 14420 | Lair:5   | Found a staircase to the Slime Pits.
 14528 | Lair:5   | Reached skill level 17 in Fighting
 14704 | Lair:5   | Reached ****** piety under Trog
 15092 | Lair:6   | Entered Level 6 of the Lair of Beasts
 15200 | Lair:6   | Received a gift from Trog
 15997 | Lair:6   | Reached skill level 18 in Fighting
 16025 | Lair:6   | Found a large runed translucent door.
 16025 | Lair:6   | Found a large runed translucent door.
 16798 | D:12     | Noticed Rupert
 16804 | D:12     | Killed Rupert
 17065 | D:12     | Received a gift from Trog
 17086 | D:12     | Reached XP level 15. HP: 165/178 MP: 15/15
 17109 | D:12     | Reached skill level 5 in Throwing
 17109 | D:12     | Reached skill level 10 in Armour
 17423 | D:12     | Found a staircase to the Orcish Mines.
 17615 | Orc:1    | Entered Level 1 of the Orcish Mines
 17755 | Orc:2    | Entered Level 2 of the Orcish Mines
 17776 | Orc:2    | Found Nunoussi's General Store.
 17776 | Orc:2    | Found Cucep's Antique Armour Emporium.
 17786 | Orc:1    | HP: 3/267 [orc knight/+0 dire flail (23)]
 17787 | Orc:1    | Annihilated by a two-headed ogre

Illustrated notes

Levels and vault maps discovered:
D:1:      roderic_crossed_star, layout_loops_ring
D:2:      layout_rooms
D:3:      layout_basic, chequers_temple_overflow_minitemple,
          chequers_serial_rivers_large_a
D:4:      layout_basic, minmay_temple_entry_mini_moons
D:5:      layout_layer_cave, uniq_sigmund, uniq_pikel
D:6:      layout_loops_ring, kennysheep_generic_room_15, uniq_eustachio
D:7:      layout_basic, serial_shops, shop, nicolae_shop_bloodbath_and_beyond,
          shop_fountains, shop, guppyfry_early_elven_hall
D:8:      layout_gridville
D:9:      layout_irregular_city, kennysheep_mini_moat, serial_shops,
          nicolae_lakefront_shop, serial_nicolae_subway,
          nicolae_sub_station_stone, nicolae_sub_station_metal,
          nicolae_sub_station_crystal
D:10:     layout_basic, hellmonk_guarded_unrand_staff_of_battle, uniq_harold
D:11:     layout_layer_cave, lair_entry_dummy, small_statue_intersection,
          minivault_15, minivault_23, lemuel_flame_loot_1
D:12:     layout_basic, hiddenorc1_lemuel, interstate_on_off, uniq_rupert
Lair:1:   layout_hall_layers, portal_ice_cave_demonic_guard,
          ebering_ghost_reflecting_pool
Lair:2:   layout_big_grid, minmay_snake_entry_guardpost_small,
          hangedman_lair_unloving_vines
Lair:3:   layout_loops_ring, infiniplex_staircase_pool, grunt_megastairs_5
Lair:4:   layout_roguey, minmay_shoals_entry_beasts, kennysheep_snail_temple
Lair:5:   layout_hall_layers, dpeg_slime_entry_corner, serial_bayou_shore_b
Lair:6:   cheibrodos_lair_end_hotspot, layout_cave_pods,
          infiniplex_staircase_pool_2, lemuel_fruit_tree
Orc:1:    layout_caves, serial_shops,
          nicolae_shop_temple_entry_statues_fountains, basic_altar
Orc:2:    st_orc_ogre_mass, layout_caves, serial_shops,
          nicolae_shop_statue_plus, nicolae_shop_crystal, uniq_erolcha

Skill      XL: |  1  2  3  4  5  6  7  8  9 10 11 12 13 14 15 |
---------------+----------------------------------------------+-----
Axes           | 1 2 |  2.6
Maces & Flails | 3 4 6 8 10 12 13 14 15 16 | 16.4
Fighting       | 5 7 9 10 12 13 15 16 18 | 18.7
Armour         | 3 5 6 8 9 10 | 10.2
Throwing       | 2 4 5 |  5.7
Dodging        | |  2.6

Action                   |  1- 3 |  4- 6 |  7- 9 | 10-12 | 13-15 || total
-------------------------+-------+-------+-------+-------+-------++-------
Melee: Mace              |    97 |    95 |    50 |       |       ||   242
       Punch             |       |     1 |     2 |       |       ||     3
       Great mace        |       |     7 |       |       |       ||     7
       Whip              |       |       |    11 |       |       ||    11
       Giant club        |       |       |    74 |   225 |   348 ||   647
       Giant spiked club |       |       |       |       |    23 ||    23
Throw: Stone             |    25 |    14 |       |       |       ||    39
       Boomerang         |       |       |     6 |    25 |    56 ||    87
       Javelin           |       |       |       |       |     9 ||     9
       Large rock        |       |       |       |       |     2 ||     2
Invok: Berserk           |     3 |       |     2 |    10 |     1 ||    16
       Trog's Hand       |       |       |       |     2 |       ||     2
       Brothers in Arms  |       |       |       |       |     1 ||     1
  Use: Potion            |     1 |       |       |     3 |     3 ||     7
       Scroll            |       |     5 |     7 |     6 |    10 ||    28
 Stab: Sleeping          |     1 |     1 |       |       |       ||     2
       Distracted        |       |       |     1 |     1 |     3 ||     5
Armor: Animal skin       |    22 |    29 |    12 |       |       ||    63
       Steam dragon scal |       |       |    12 |       |       ||    12
       Acid dragon scale |       |       |    10 |    20 |    24 ||    54
       Troll leather arm |       |       |       |    49 |     3 ||    52
       Ice dragon scales |       |       |       |       |    83 ||    83
Dodge: Dodged            |    53 |    66 |    50 |   108 |   168 ||   445
